 Dungeon Crawl Stone Soup version 0.28-a0-476-g0f06bd746f (webtiles) character file.

Game seed: 11779634760283634107

17 freelancePsychic the Skirmisher (level 2, 24/24 HPs)
             Began as a Demonspawn Fighter on Sept 16, 2021.
             Quit the game on level 2 of the Dungeon.
             The game lasted 00:00:44 (1259 turns).

freelancePsychic the Skirmisher (DsFi)              Turns: 1259, Time: 00:00:45

Health: 24/24      AC:  6    Str: 16    XL:     2   Next: 44%
Magic:  2/2        EV:  9    Int:  9    God:
Gold:   43         SH:  4    Dex: 12    Spells: 1/1 levels left

rFire   . . .      SeeInvis .   a - +0 flail
rCold   . . .      Faith    .   c - +0 buckler
rNeg    . . .      Spirit   .   b - +0 scale mail
rPois   .          Reflect  .   (helmet restricted)
rElec   .          Harm     .   (no cloak)
rCorr   .          Rampage  .   (no gloves)
Will    .....                   (no boots)
Stlth   ..........              (no amulet)
HPRegen 0.08/turn               (no ring)
MPRegen 0.08/turn               (no ring)

@: no status effects
A: horns 1
a: no special abilities


You were on level 2 of the Dungeon.
You visited 1 branch of the dungeon, and saw 2 of its levels.

You collected 43 gold pieces.

Inventory:

Hand Weapons
 a - a +0 flail (weapon)
Armour
 b - a +0 scale mail (worn)
 c - a +0 buckler (worn)
Jewellery
 f - an amulet of regeneration
Scrolls
 e - 3 scrolls of teleportation {unknown}
 g - a scroll of blinking {unknown}
Potions
 d - a potion of might


   Skills:
 + Level 3.3 Fighting
 - Level 2.0 Maces & Flails
 - Level 2.6 Armour
 + Level 3.0 Shields
 + Level 0.3 Unarmed Combat


You had one spell level left.
You didn't know any spells.
Your spell library was empty.

Dungeon Overview and Level Annotations

Branches:
Dungeon (2/15)

Altars:


Innate Abilities, Weirdness & Mutations

You have a pair of small horns on your head.


Message History

No target in view!
No target in view!
No target in view!
No target in view!
No target in view!
No target in view!
No target in view!
No target in view!
No target in view!
No target in view!
Found 14 poisoned darts.
A giant cockroach comes into view.
Found 11 stones.
A giant cockroach is nearby!
A giant cockroach is nearby!
The giant cockroach bites you but does no damage.
You sock the giant cockroach!
You kill the giant cockroach!
No target in view!
No target in view!
No target in view!
No target in view!
No target in view!
No target in view!
No target in view!
No target in view!
No target in view!
No target in view!
No target in view!
No target in view!
Found an escape hatch in the ceiling.
You now have 29 gold pieces (gained 6).
You now have 36 gold pieces (gained 7).
You now have 43 gold pieces (gained 7).
An endoplasm comes into view.
The endoplasm quivers.
The endoplasm moves out of view.
An endoplasm is nearby!
An endoplasm is nearby!
Are you sure you want to abandon this character and quit the game? (Confirm with "yes".)

..... . ##. ... .# #..
... ##.# #.. #J# ##...
#.. #.# #..#####.#
#.#######.###....#
##.............##.#
#####...#####..######.#
#.....@#......## #.#
#.####...###### #.#
.......#.## #.# ...###.
......########.# ##
..###......##..# #.#
######....## .# ####...
.# ########... ..
...........


You could see an endoplasm.

Vanquished Creatures
  A dart slug (D:1)
  4 ball pythons
  A bat (D:2)
  2 giant cockroaches
  A goblin (D:1)
  A quokka (D:1)
  A frilled lizard (D:1)
  2 kobolds (D:1)
  A rat (D:1)
14 creatures vanquished.

Notes
Turn   | Place    | Note
-------+----------+-------------------------------------------
     0 | D:1      | freelancePsychic the Demonspawn Fighter began the quest for
                  | the Orb.
     0 | D:1      | Reached XP level 1. HP: 18/18 MP: 1/1
   451 | D:1      | Gained mutation: You have a pair of small horns on your
                  | head. [demonic ancestry]
   451 | D:1      | Reached XP level 2. HP: 19/24 MP: 2/2
  1259 | D:2      | Quit the game

Illustrated notes

Levels and vault maps discovered:
D:1:      saegor_arrival_under_anarchy, layout_loops_corners
D:2:      layout_rooms

Skill      XL: |  1  2 |
---------------+-------+-----
Maces & Flails | 2 |  2.0
Shields        | 3 |  3.0
Fighting       | |  3.3
Armour         | |  2.6
Unarmed Combat | |  0.3

Action                   || total
-------------------------++-------
Melee: Flail             ||    41
       Headbutt          ||     3
Armor: Scale mail        ||    12
Dodge: Dodged            ||    21
Block: Buckler           ||     8

Table legend: (Time is in decaauts)
 A = Elapsed time spent in this place.
 B = Non-inter-level travel time spent in this place.
 C = Inter-level travel time spent in this place.
 D = Time resting spent in this place.
 E = Time spent auto-exploring this place.
 F = Levels seen in this place.
 G = Mean time per level.
                   A        B        C        D        E       F      G
               +--------+--------+--------+--------+--------+-----+--------+
         Total |   1274 |   1209 |     65 |      0 |   1101 |   2 |  637.0 |
       Dungeon |   1274 |   1209 |     65 |      0 |   1101 |   2 |  637.0 |
               +--------+--------+--------+--------+--------+-----+--------+

Top non-repeatable levels by time:
     D:1: 1193 daAuts
     D:2: 80 daAuts
